 Dungeon Crawl Stone Soup version 0.31-a0-18-gea43df2a32 (console) character file.

Game seed: 4190994526137774625

25621 om the Summoner (level 12, -5/66 HPs)
             Began as a Deep Elf Summoner on May 5, 2023.
             Was an Elder of the Shining One.
             Slain by a polar bear (17 damage)
             ... on level 5 of the Lair of Beasts on May 9, 2023.
             The game lasted 01:02:10 (16292 turns).

om the Summoner (Deep Elf Summoner)                Turns: 16292, Time: 01:02:11

Health: -5/66      AC:  7    Str:  5    XL:     12   Next: 91%
Magic:  23/29      EV: 20    Int: 24    God:    the Shining One [****..]
Gold:   614        SH:  0    Dex: 23    Spells: 9/34 levels left

rFire   + + .        p - +4 arbalest (freeze)
rCold   . . .        (shield currently unavailable)
rNeg    + + .        u - +2 robe {Will+}
rPois   .            (no helmet)
rElec   .            q - +0 cloak
rCorr   .            (no gloves)
SInv    .            m - +1 pair of boots {rF+}
Will    ++...        F - amulet of the acrobat
Stlth   ++           f - +6 ring of dexterity
HPRegen 0.31/turn    g - ring of protection from fire
MPRegen 0.21/turn

%: acrobat
@: about to teleport, glowing
A: no striking features
a: Renounce Religion, Divine Shield, Cleansing Flame


You were on level 5 of the Lair of Beasts.
You worshipped the Shining One.
The Shining One was greatly pleased with you.
You visited 2 branches of the dungeon, and saw 15 of its levels.

You collected 869 gold pieces.
You spent 255 gold pieces at shops.

Inventory:

Hand Weapons
 a - a +3 dagger of venom
 p - a +4 arbalest of freezing (weapon)
 K - a +0 shortbow of electrocution
Missiles
 O - 2 throwing nets
Armour
 m - a +1 pair of boots of fire resistance (worn)
 q - a +0 cloak (worn)
 u - a +2 robe of willpower (worn)
 A - the +1 robe of Jiure {Rampage Fly rC- Str+6}
   (You found it on level 5 of the Dungeon)

   Str:       It affects your strength (+6).
   rC:        It makes you vulnerable to cold.
   Fly:       It grants you flight.
   Rampage:   It bestows one free step when moving towards enemies.
 B - a +1 robe of resistance
 R - +0 ice dragon scales
Jewellery
 f - a +6 ring of dexterity (left hand)
 g - a ring of protection from fire (right hand)
 h - the ring "Midofoargh" {rC+ Str+3 Int-2 Dex+3}
   (You found it on level 7 of the Dungeon)

   [ring of protection from cold]

   Str:       It affects your strength (+3).
   Int:       It affects your intelligence (-2).
   Dex:       It affects your dexterity (+3).
   rC:        It protects you from cold.
 j - a +6 ring of strength
 n - a ring of positive energy
 x - a ring of flight
 y - a ring of willpower
 F - an amulet of the acrobat (around neck)
 N - a +6 ring of strength
 S - a ring of fire
Wands
 I - a wand of iceblast (19)
 L - a wand of flame (9)
 Q - a wand of acid (6)
Scrolls
 o - 5 scrolls of enchant armour
 r - a scroll of magic mapping
 z - a scroll of silence {unknown}
 D - a scroll of brand weapon
 E - a scroll of fog {unknown}
 G - a scroll of teleportation
 H - 2 scrolls of poison {unknown}
 U - a scroll of amnesia
Potions
 c - 6 potions of heal wounds
 d - 2 potions of curing
 e - 3 potions of mutation
 i - 3 potions of flight
 k - a potion of lignification
 l - a potion of invisibility
 v - 2 potions of ambrosia
 w - a potion of haste {unknown}
 C - 5 potions of brilliance
 M - 3 potions of might


   Skills:
 + Level 4.3 Fighting
 + Level 7.4 Ranged Weapons
 - Level 10.0 Dodging
 - Level 5.0 Stealth
 * Level 11.9 Spellcasting
 - Level 5.8 Conjurations
 + Level 14.7 Summonings
 * Level 9.5 Invocations


You had 9 spell levels left.
You knew the following spells:

 Your Spells              Type           Power      Damage    Failure   Level
a - Summon Small Mammal   Summ           100%       N/A       0%          1
b - Summon Lightning Spi  Summ/Air       49%        N/A       1%          4
c - Call Canine Familiar  Summ           71%        N/A       1%          3
d - Summon Guardian Gole  Hex/Summ       49%        N/A       1%          3
e - Magic Dart            Conj           100%       1d8       1%          1
f - Ozocubu's Armour      Ice            14%        N/A       13%         3
g - Mephitic Cloud        Conj/Pois/Air  23%        N/A       6%          3
h - Summon Hydra          Summ           35%        N/A       9%          7

Your spell library contained the following spells:

 Spells                   Type           Power      Damage    Failure   Level
 Call Imp                 Summ           100%       N/A       0%          2
 Animate Armour           Summ/Erth      98%        N/A       1%          4
 Sublimation of Blood     Necr           14%        N/A       7%          2
 Wereblood                Tmut           14%        N/A       7%          2
 Frozen Ramparts          Ice            28%        1d5       13%         3
 Volatile Blastmotes      Fire/Tloc      28%        2d12      13%         3
 Fulminant Prism          Conj/Hex       14%        3d9       13%         4
 Iskenderun's Mystic Bla  Conj/Tloc      28%        2d7       13%         4
 Petrify                  Tmut/Erth      14%        N/A       41%         4
 Alistair's Intoxication  Tmut/Pois      9%         N/A       77%         5
 Borgnjor's Vile Clutch   Necr/Erth      7%         N/A       77%         5
 Lee's Rapid Deconstruct  Erth           7%         3d6*      77%         5
 Eringya's Noxious Bog    Tmut/Pois      7%         N/A       100%        6
 Ozocubu's Refrigeration  Ice            7%         4d9       100%        7
 Polar Vortex             Ice            7%         N/A       100%        9


Dungeon Overview and Level Annotations

Branches:
Dungeon (11/15)            Temple (0/1) D:6            Lair (3/5) D:10
 Spider (0/4) Lair:2          Orc (0/2) D:11
  Swamp: Lair:2-3    Shoals: Lair:2-3

Altars:
Dithmenos
Okawaru
Ru
Uskayaw
Vehumet
Xom
The Shining One
Jiyva

Shops:
D:3 [   D:5 !   D:7 *

Annotations:
D:10 3 runed translucent doors, melkoren's ghost, novice DsGl
Lair:2 1 runed translucent door, patfeehan111222's ghost, journeyman DsBe


Message History

The komodo dragon is engulfed in blazing flames.
The yak is engulfed in blazing flames.
A cane toad comes into view.
A snapping turtle comes into view.
A polar bear and a skyshark come into view.
A nearby fungus withers and dies.
The elephant completely misses you. The elephant misses you.
The yak is engulfed in blazing flames.
The rime drake misses you.
The elephant tramples you but does no damage.
The elephant completely misses you.
The black mamba is engulfed in blazing flames.
The skyshark moves out of view.
You shoot a bolt. The bolt hits the rime drake!!
The bolt freezes the rime drake.
The rime drake is severely wounded.
The black mamba is engulfed in blazing flames.
The rime drake barely misses you. The elephant closely misses you. x2
The yak is engulfed in blazing flames.
The cane toad misses you.
The rime drake bites you but does no damage.
The black mamba barely misses you. The rime drake breathes ice at you.
The icy flash freeze misses you. The black mamba completely misses you.
The cane toad completely misses you.
Your guardian golem is engulfed in blazing flames.
Unknown command.
The rime drake completely misses you. The polar bear completely misses you.
The polar bear misses you. The polar bear closely misses you.
The black mamba completely misses you. The snapping turtle closely misses you.
The skyshark closely misses you. x2; The skyshark completely misses you.
The rime drake breathes ice at you. The icy flash freeze misses you.
You hear an angry buzzing noise.
Okay, then.
Casting: Summon Guardian Golem (safe; 1% risk of failure)
Confirm with . or Enter, or press ? or * to list all spells.
Okay, then.
Okay, then.
As you read the scroll of teleportation, it crumbles to dust.
You feel strangely unstable. The black mamba misses you.
The polar bear bites you!
You die...

........#.......
.Y.........P... .
.....#......## .
....†....P...Y.#S...
..........#○9...#
..........§.#.......
.......)..☼§##......
......##l[..# #.....
......h@SY†.#.##....
~...~..~kF....# ..##
~~~##P~##t~##~# ..#
# #~~~ #~~# ~~# ..
~~~~~~~P~~~ #..
~~###~~~~~~~. ...
~~~ t~~~#~~#~.. ...
~8 ~#~~~#~~#~~. ..
~~~~8#~~~~~..


You could see a skyshark, an elephant, a snapping turtle, a polar bear, a black
mamba, a yak (fleeing, ally target), a cane toad, a rime drake (catching breath)
and a friendly guardian golem (summoned).

Vanquished Creatures
  Josephine (D:10)
  A two-headed ogre (D:11)
  An elephant (Lair:1)
  A cyclops (D:11)
  3 cane toads
  A rime drake (Lair:2)
  2 komodo dragons
  5 blink frogs
  A culicivora (Lair:2)
  3 shadows (D:11)
  A yak (Lair:2)
  A wraith (D:10)
  A basilisk (Lair:5)
  A steam dragon (Lair:5)
  An acid dragon (D:11)
  2 water moccasins
  3 kobold brigands
  2 bullfrogs
  A scorpion (D:10)
  3 killer bees
  A jelly (D:7)
  An adder (D:3)
  A dart slug (D:3)
  4 orcs
  3 bats
  3 endoplasms
  3 goblins
  4 hobgoblins
  8 kobolds
  2 quokkas
  3 ball pythons
  2 frilled lizards (D:2)
  A rat (D:2)
71 creatures vanquished.

Vanquished Creatures (collateral kills)
  Harold (D:10)
  A two-headed ogre (D:11)
  An orc knight (D:11)
  A deep elf pyromancer (D:8)
  7 elephants
  An orange demon (D:9)
  4 cane toads (Lair:2)
  A kobold demonologist (D:10)
  A rime drake (Lair:5)
  Prince Ribbit (D:5)
  A blink frog (Lair:2)
  Sigmund (D:4)
  2 culicivoras (Lair:2)
  3 wraiths (D:10)
  17 yaks
  2 wyverns
  A basilisk (Lair:2)
  6 vampire mosquitoes (D:11)
  3 water moccasins
  An acid dragon (D:11)
  A sky beast (D:8)
  2 orc warriors (D:10)
  An ice beast (D:7)
  2 black bears (Lair:1)
  An ogre (D:6)
  A centaur (D:9)
  3 wolves (Lair:2)
  3 kobold brigands
  4 bullfrogs
  5 scorpions
  6 killer bees
  A howler monkey (D:9)
  3 hounds
  3 jellies
  4 orc priests
  A gnoll bouda (Lair:5)
  3 iguanas
  16 orc wizards
  A statue (D:6)
  8 gnolls
  2 adders
  An ufetubus (D:5)
  3 worms
  A dart slug (D:5)
  26 orcs
  4 endoplasms
  6 giant cockroaches
  3 goblins
  7 hobgoblins
  20 kobolds
  4 ball pythons
  3 bats
  2 frilled lizards
  4 rats
211 creatures vanquished.

Vanquished Creatures (others)
  An ice dragon (D:11)
  A two-headed ogre (D:9)
  Amaemon (D:8)
  Pikel (D:4)
  A gargoyle (D:7)
  A komodo dragon (Lair:5)
  2 hornets
  A culicivora (Lair:2)
  5 yaks
  Menkaure (D:5)
  Edmund (D:5)
  An ogre (D:5)
  4 lemures (D:4)
  A gnoll sergeant (D:6)
  4 killer bees (D:8)
  An orc priest (D:10)
  An iguana (D:5)
  A sleepcap (D:5)
  3 gnolls
32 creatures vanquished.

Grand Total: 314 creatures vanquished

Notes
Turn   | Place    | Note
-------+----------+-------------------------------------------
     0 | D:1      | om the Deep Elf Summoner began the quest for the Orb.
     0 | D:1      | Reached XP level 1. HP: 10/10 MP: 6/6
   200 | D:1      | Found a faded altar of an unknown god.
   221 | D:1      | Reached XP level 2. HP: 14/15 MP: 5/8
  1037 | D:2      | Learned a level 2 spell: Call Imp
  1251 | D:2      | Reached XP level 3. HP: 19/19 MP: 10/10
  1975 | D:3      | Learned a level 3 spell: Call Canine Familiar
  1985 | D:3      | Reached XP level 4. HP: 24/24 MP: 6/11
  2048 | D:3      | Found a glowing golden altar of the Shining One.
  2092 | D:3      | Reached skill level 5 in Summonings
  2275 | D:3      | Reached XP level 5. HP: 28/28 MP: 8/13
  2371 | D:3      | Found Saonlats's Antique Armour Boutique.
  2533 | D:3      | Learned a level 3 spell: Summon Guardian Golem
  3063 | D:4      | Found a sacrificial altar of Ru.
  3225 | D:4      | Reached XP level 6. HP: 32/32 MP: 8/15
  3476 | D:4      | Reached skill level 5 in Spellcasting
  3724 | D:4      | Noticed Sigmund
  3741 | D:4      | Killed Sigmund
  3742 | D:4      | Reached skill level 5 in Stealth
  3742 | D:4      | Reached skill level 6 in Summonings
  3742 | D:4      | Reached XP level 7. HP: 26/36 MP: 9/17
  4059 | D:4      | Found a hide-covered altar of Uskayaw.
  4059 | D:4      | Found an iron altar of Okawaru.
  4107 | D:4      | Noticed Pikel
  4154 | D:4      | Killed Pikel
  4155 | D:4      | Reached skill level 5 in Dodging
  4155 | D:4      | Reached skill level 8 in Summonings
  4155 | D:4      | Reached XP level 8. HP: 27/41 MP: 1/19
  4446 | D:5      | Entered Level 5 of the Dungeon
  4492 | D:5      | Noticed Prince Ribbit
  4514 | D:5      | Killed Prince Ribbit
  4660 | D:5      | Noticed Menkaure
  4669 | D:5      | Killed Menkaure
  4670 | D:5      | Reached skill level 9 in Summonings
  4872 | D:5      | Noticed Edmund
  4885 | D:5      | Killed Edmund
  4905 | D:5      | Reached skill level 10 in Summonings
  4924 | D:5      | Found Teefoese's Distillery.
  4953 | D:5      | Bought a potion of attraction for 45 gold pieces
  4953 | D:5      | Bought a potion of curing for 45 gold pieces
  5051 | D:3      | Became a worshipper of the Shining One
  5848 | D:5      | Identified the +1 robe of Jiure {Rampage Fly rC- Str+6}
  5911 | D:6      | Reached skill level 11 in Summonings
  6000 | D:6      | Found a radiant altar of Vehumet.
  6074 | D:6      | Reached XP level 9. HP: 45/45 MP: 15/20
  6229 | D:6      | Found a staircase to the Ecumenical Temple.
  6581 | D:6      | Found a shimmering altar of Xom.
  6818 | D:7      | Learned a level 4 spell: Summon Lightning Spire
  7081 | D:7      | Found Qalu Hua's Fire Supplies.
  7090 | D:7      | Bought a +1 pair of boots of fire resistance for 165 gold
                  | pieces
  7257 | D:7      | Reached skill level 12 in Summonings
  7453 | D:7      | Noticed a gargoyle
  7464 | D:7      | Killed a gargoyle
  7529 | D:7      | Identified the ring "Midofoargh" {rC+ Str+3 Int-2 Dex+3}
  7537 | D:7      | Reached * piety under the Shining One
  7673 | D:7      | Reached skill level 13 in Summonings
  8057 | D:7      | Learned a level 1 spell: Magic Dart
  8061 | D:7      | Learned a level 3 spell: Ozocubu's Armour
  8065 | D:7      | Learned a level 3 spell: Mephitic Cloud
  8226 | D:8      | Reached skill level 1 in Invocations
  8341 | D:8      | Noticed a deep elf pyromancer
  8348 | D:8      | Killed a deep elf pyromancer
  8349 | D:8      | Reached skill level 1 in Conjurations
  8349 | D:8      | Reached XP level 10. HP: 51/51 MP: 9/21
  8424 | D:8      | Got Cock's Commentary on the Brumal Quarry
  8442 | D:8      | Found a shadowy altar of Dithmenos.
  8574 | D:8      | Reached skill level 1 in Fighting
  8957 | D:9      | Noticed Amaemon
  8957 | D:9      | Noticed an orange demon
  8976 | D:8      | Killed Amaemon
  9159 | D:9      | Killed an orange demon
  9847 | D:9      | Noticed a two-headed ogre
  9867 | D:9      | Killed a two-headed ogre
  9868 | D:9      | Reached skill level 1 in Ranged Weapons
 10157 | D:9      | Upgraded the game from 0.31-a0-7-g51783674b7 to
                  | 0.31-a0-18-gea43df2a32
 10563 | D:10     | Entered Level 10 of the Dungeon
 10632 | D:10     | Reached XP level 11. HP: 58/58 MP: 17/25
 10690 | D:10     | Found a staircase to the Lair.
 10700 | D:10     | Reached skill level 5 in Invocations
 10758 | D:10     | Found a runed translucent gate.
 10793 | D:10     | Found a runed translucent gate.
 10794 | D:10     | Found a runed translucent gate.
 10795 | D:10     | Noticed a glowing orange brain
 10797 | D:10     | Found a viscous altar of Jiyva.
 10797 | D:10     | Noticed melkoren's ghost (novice DsGl)
 11000 | D:10     | Noticed Josephine
 11004 | D:10     | Reached skill level 5 in Conjurations
 11008 | D:10     | Reached ** piety under the Shining One
 11018 | D:10     | Killed Josephine
 11186 | D:10     | Noticed Harold
 11214 | D:10     | Killed Harold
 11436 | D:10     | Reached skill level 5 in Ranged Weapons
 12066 | D:11     | Learned a level 7 spell: Summon Hydra
 12092 | D:11     | Noticed a two-headed ogre
 12100 | D:11     | Killed a two-headed ogre
 12164 | D:11     | Noticed a two-headed ogre
 12171 | D:11     | Killed a two-headed ogre
 12287 | D:11     | Reached skill level 14 in Summonings
 12629 | D:11     | Reached *** piety under the Shining One
 12652 | D:11     | Found a staircase to the Orcish Mines.
 12652 | D:11     | Noticed an ice dragon
 12656 | D:11     | The Shining One protects you from harm!
 12662 | D:11     | Killed an ice dragon
 12664 | D:11     | Noticed an orc knight
 12674 | D:11     | Killed an orc knight
 13293 | Lair:1   | Entered Level 1 of the Lair of Beasts
 13322 | Lair:1   | Reached XP level 12. HP: 66/66 MP: 12/27
 13534 | Lair:1   | Reached skill level 10 in Spellcasting
 14946 | Lair:2   | Found a hole to the Spider Nest.
 15454 | Lair:2   | Identified a scroll of acquirement
 15455 | Lair:2   | Acquired a +4 arbalest of freezing
 15464 | Lair:2   | Noticed patfeehan111222's ghost (journeyman DsBe)
 15471 | Lair:2   | Found a runed translucent door.
 15529 | Lair:2   | Identified the +0 leather armour of the Dice {Int+4}
 15607 | Lair:2   | Reached skill level 10 in Dodging
 16246 | Lair:3   | You fall into a shaft and drop 2 floors!
 16246 | Lair:5   | Entered Level 5 of the Lair of Beasts
 16255 | Lair:5   | Reached **** piety under the Shining One
 16292 | Lair:5   | Slain by a polar bear

Illustrated notes

Levels and vault maps discovered:
D:1:      dpeg_arrival_prison, layout_basic, ebering_ecumenical_altar_abandoned,
          minmay_shallow_snake_nest
D:2:      layout_basic
D:3:      layout_basic, mainiacjoe_overflow_alcove_1, serial_shops, shop,
          minivault_25
D:4:      layout_cave_pods, nicolae_ru_sacrificial_ziggurat,
          jmf_multi_god_temple, uniq_sigmund, uniq_pikel
D:5:      layout_loops_cross, serial_shops, nicolae_shop_industrial_runoff,
          uniq_edmund, uniq_prince_ribbit1, uniq_menkaure
D:6:      layout_basic, vehumet_statue, general_overflow_altar,
          minmay_temple_entry_hall
D:7:      minmay_thick_lines, layout_basic, nicolae_shop_fire_sale
          [nicolae_sub_dead_trees]
D:8:      layout_rooms, nicolae_dithmenos_shadow_blocks
D:9:      layout_gridville, uniq_amaemon
D:10:     layout_gridville, grunt_lair_entry_orc_guard_hut,
          gammafunk_ghost_ooze, uniq_harold, uniq_josephine
D:11:     layout_basic, orc_0_dummy, minmay_misc_feat_x, minivault_20,
          nicolae_twisting_strands
Lair:1:   layout_chaotic_city, serial_bayou_shore_b, grunt_megastairs_1,
          serial_bayou_shore_b
Lair:2:   layout_layer_cave, hellmonk_spider_entry_life_and_decay,
          hellmonk_ghost_happy_afterlife, small_statue_intersection,
          infiniplex_staircase_pool
Lair:3:   layout_long_grid, nicolae_shoals_entry_roost
Lair:5:   gammafunk_lair_ancient_temple, layout_hall_layers,
          dreamdust_gnoll_shepherd, uniq_rupert, uniq_urug

Skill      XL: |  1  2  3  4  5  6  7  8  9 10 11 12 |
---------------+-------------------------------------+-----
Stealth        | 3 4 5 |  5.0
Dodging        | 3 4 5 6 7 8 9 10 | 10.0
Summonings     | 5 6 8 11 13 14 | 14.7
Spellcasting   | 4 5 6 8 9 11 | 11.9
Invocations    | 1 4 7 9 |  9.5
Conjurations   | 1 4 5 |  5.8
Fighting       | 2 3 4 |  4.3
Ranged Weapons | 3 7 |  7.4

Action                     |  1- 3 |  4- 6 |  7- 9 | 10-12 || total
---------------------------+-------+-------+-------+-------++-------
  Melee: Unarmed           |     9 |       |       |       ||     9
         Dagger            |    31 |    55 |    64 |    24 ||   174
         Punch             |       |       |     2 |     2 ||     4
   Fire: Shortbow          |       |       |       |   137 ||   137
         Arbalest          |       |       |       |    24 ||    24
   Cast: Summon Small Mamm |    32 |     6 |    19 |     8 ||    65
         Call Imp          |     5 |    11 |     9 |       ||    25
         Call Canine Famil |     1 |    14 |    26 |    42 ||    83
         Summon Guardian G |       |     7 |    31 |    51 ||    89
         Summon Lightning  |       |       |     7 |    41 ||    48
         Mephitic Cloud    |       |       |       |     1 ||     1
         Summon Hydra      |       |       |       |     7 ||     7
 Invoke: Cleansing Flame   |       |       |       |     1 ||     1
    Use: Scroll            |       |     8 |     4 |    15 ||    27
         Potion            |       |       |     1 |     2 ||     3
   Stab: Sleeping          |     6 |       |     1 |       ||     7
 Armour: Robe              |    10 |    18 |    18 |    24 ||    70
  Dodge: Dodged            |    39 |    44 |    95 |   216 ||   394

Table legend: (Time is in decaauts)
 A = Elapsed time spent in this place.
 B = Non-inter-level travel time spent in this place.
 C = Inter-level travel time spent in this place.
 D = Time resting spent in this place.
 E = Time spent auto-exploring this place.
 F = Levels seen in this place.
 G = Mean time per level.
                   A        B        C        D        E       F      G
               +--------+--------+--------+--------+--------+-----+--------+
         Total |  16375 |  15561 |    814 |   2059 |  10648 |  15 | 1091.7 |
       Dungeon |  13351 |  12600 |    751 |   1461 |   8703 |  11 | 1213.7 |
          Lair |   3023 |   2961 |     62 |    598 |   1945 |   4 |  755.8 |
               +--------+--------+--------+--------+--------+-----+--------+

Top non-repeatable levels by time:
     D:4: 1675 daAuts
  Lair:2: 1670 daAuts
    D:11: 1539 daAuts
     D:9: 1427 daAuts
     D:7: 1350 daAuts
  Lair:1: 1287 daAuts
    D:10: 1226 daAuts
     D:1: 1114 daAuts
     D:5: 1077 daAuts
     D:8: 1074 daAuts
     D:3: 1042 daAuts
     D:2: 974 daAuts
     D:6: 848 daAuts
  Lair:5: 51 daAuts
  Lair:3: 14 daAuts
